 Dungeon Crawl Stone Soup version 0.22.1-1-ga44c0e5 (webtiles) character file.

196 whitewolfNL the Insei (level 5, -5/33 HPs)
             Began as an Octopode Transmuter on Sept 20, 2018.
             Was a Follower of Cheibriados.
             Slain by an ogre
             ... wielding a +0 giant club
              (18 damage)
             ... on level 4 of the Dungeon.
             The game lasted 00:20:53 (4530 turns).

whitewolfNL the Insei (Octopode Transmuter)         Turns: 4530, Time: 00:20:53

Health: -5/33      AC:  1    Str: 13    XL:     5   Next: 74%
Magic:  8/8        EV: 14    Int: 25    God:    Cheibriados [*.....]
Gold:   157        SH:  0    Dex: 15    Spells: 8/8 levels left

rFire    . . .     SeeInvis .   b - -1 dagger (curse)
rCold    . . .     Gourm    .   (no shield)
rNeg     . . .     Faith    .   (helmet restricted)
rPois    .         Spirit   .   (no amulet)
rElec    .         Reflect  .   e - +6 ring of intelligence
rCorr    .         Harm     .   (no ring)
MR       .....                  (no ring)
Stlth    ++++......             (no ring)
HPRegen  0.11/turn              (no ring)
MPRegen  0.11/turn              (no ring)
                                (no ring)
                                (no ring)

@: very slow
A: almost no armour, stealthy swim, amphibious, 8 rings, constrict 8, camouflage
1, gelatinous body 1
a: Bend Time, Renounce Religion


You were on level 4 of the Dungeon.
You worshipped Cheibriados.
Cheibriados was aware of your devotion.
You were not hungry.

You visited 1 branch of the dungeon, and saw 4 of its levels.

You collected 157 gold pieces.

Inventory:

Hand Weapons
 b - a cursed -1 dagger (weapon)
 l - a +3 mace of draining
 p - a -3 hand axe
Missiles
 a - 74 arrows
 h - 146 stones (quivered)
 r - 46 sling bullets
Armour
 f - a +0 pair of boots
Magical Staves
 s - an uncursed staff of energy {unknown}
Jewellery
 e - a +6 ring of intelligence (left tentacle)
 j - an uncursed ring of attention
Scrolls
 g - a scroll of teleportation {unknown}
 k - a scroll of amnesia
 n - 5 scrolls of identify
 o - 2 scrolls of remove curse
 t - a scroll of fear {unknown}
 u - a scroll of enchant weapon
Potions
 d - a potion of resistance {unknown}
 m - 3 potions of curing
 q - a potion of lignification {unknown}
Comestibles
 c - 7 rations


   Skills:
 + Level 1.3 Fighting
 + Level 3.3 Dodging
 * Level 4.1 Stealth
 * Level 4.3 Unarmed Combat
 + Level 2.1 Spellcasting
   Level 2.0 Transmutations


You had 8 spell levels left.
You didn't know any spells.
Your spell library contained the following spells:

 Spells                   Type           Power        Failure   Level  Hunger
 Beastly Appendage        Tmut           ##....       4%          1    None
 Sticks to Snakes         Tmut           ##......     8%          2    ##.....
 Spider Form              Tmut/Pois      #.........   22%         3    ###....
 Ice Form                 Ice/Tmut       #.......     58%         4    ####...
 Blade Hands              Tmut           ##........   80%         5    ######.


Dungeon Overview and Level Annotations

Branches:
Dungeon (4/15)
 Temple: D:4-7

Altars:
Ashenzari
Cheibriados
Elyvilon
Fedhas
Qazlal
Trog
Uskayaw

Annotations:
D:4 Ijyb


Innate Abilities, Weirdness & Mutations

You cannot wear most types of armour.
You are very stealthy in the water. (Stealth+)
You are amphibious.
You can wear up to eight rings at the same time.
You can use your tentacles to constrict eight enemies at once.
Your skin changes colour to match your surroundings (Stealth+).
Your rubbery body absorbs attacks. (AC +1, EV +1)


Message History

You hit the ogre but do no damage. You squeeze the ogre.
The ogre is moderately wounded.
You hit the ogre but do no damage.
The ogre is moderately wounded.
The ogre hits you with a giant club!
You hit the ogre.
The ogre is moderately wounded.
The ogre hits you with a giant club!
* * * LOW HITPOINT WARNING * * *
You barely miss the ogre.
The ogre is moderately wounded.
The ogre barely misses you.
You feel better.
As you read the scroll of fog, it crumbles to dust.
The scroll dissolves into smoke.
The ogre closely misses you. The ogre closely misses you.
You don't know any spells.
You fail to use your ability.
The ogre hits you with a giant club!!
Ouch! That really hurt!
You die...

###.###. .#
#<#.#.###.#
#..#.#..^###
#.###.......
#..#.....##
####......§§§#
...........§§§#
####.......§O§#
#.....#.>..@##
#.#...#.....#
.......#.#.#.#
##.#...#)#.#.#
......#...#.#
### ##.##.#
#.##.# # #.##.#
....###?##.#


You could see an ogre.

Vanquished Creatures
  A hound (D:3)
  A centaur skeleton (D:4)
  5 adders
  An ooze (D:1)
  4 worms
  2 dart slugs
  5 leopard geckos
  3 orcs (D:3)
  7 bats
  2 giant cockroaches
  5 hobgoblins
  8 jackals
  2 quokkas
  3 ball pythons
  5 frilled lizards
  5 goblins
  A jackal skeleton (D:4)
  3 kobolds
  9 rats
72 creatures vanquished.

Notes
Turn   | Place    | Note
-------+----------+-------------------------------------------
     0 | D:1      | whitewolfNL the Octopode Transmuter began the quest for the
                  | Orb.
     0 | D:1      | Reached XP level 1. HP: 13/13 MP: 3/3
    75 | D:1      | Reached skill level 1 in Stealth
    77 | D:1      | Reached XP level 2. HP: 9/18 MP: 5/5
   700 | D:1      | Reached XP level 3. HP: 6/23 MP: 6/6
  1920 | D:2      | Found a bloodstained altar of Trog.
  1939 | D:2      | Found a hide-covered altar of Uskayaw.
  2188 | D:2      | Reached XP level 4. HP: 19/28 MP: 7/7
  2189 | D:2      | Found a blossoming altar of Fedhas.
  2636 | D:2      | Found a stormy altar of Qazlal.
  2638 | D:2      | Noticed a fire elemental
  2639 | D:2      | Noticed an earth elemental
  2639 | D:2      | Noticed a water elemental
  2639 | D:2      | Noticed an air elemental
  3226 | D:3      | Reached XP level 5. HP: 33/33 MP: 8/8
  3377 | D:3      | Found a snail-covered altar of Cheibriados.
  3388 | D:3      | Became a worshipper of Cheibriados the Contemplative
  3493 | D:3      | Found a white marble altar of Elyvilon.
  3503 | D:3      | Found a shattered altar of Ashenzari.
  3953 | D:3      | Reached * piety under Cheibriados
  4129 | D:4      | Noticed Ijyb
  4497 | D:4      | Noticed an ogre
  4530 | D:4      | Slain by an ogre

Skill      XL: |  1  2  3  4  5 |
---------------+----------------+-----
Stealth        | 1 3 4 |  4.1
Unarmed Combat | 4 |  4.3
Dodging        | 3 |  3.3
Fighting       | |  1.3
Spellcasting   | |  2.1
Transmutations | |  2.0

Action                   |  1- 3 |  4- 6 || total
-------------------------+-------+-------++-------
Melee: Unarmed           |    78 |     5 ||    83
       Constrict         |    18 |    27 ||    45
       Tentacles         |    11 |    26 ||    37
       Punch             |     1 |     5 ||     6
       Dagger            |       |   111 ||   111
  Use: Scroll            |     5 |     1 ||     6
       Potion            |       |     1 ||     1
 Stab: Sleeping          |     7 |     9 ||    16
  Eat: Ration            |     1 |     1 ||     2
       Chunk             |       |     5 ||     5
Armor: Skin              |     8 |     9 ||    17
Dodge: Dodged            |    46 |   104 ||   150
